 Dungeon Crawl Stone Soup version 0.24-a0-275-g6f7e2cb (webtiles) character file.

Game seed: 2744360725404339662

10160 mhoghedin the Destroyer (level 11, -1/64 HPs)
             Began as a Tengu Venom Mage on Apr 28, 2019.
             Was a Priest of Vehumet.
             Slain by a black mamba (14 damage)
             ... on level 3 of the Lair of Beasts.
             The game lasted 00:44:22 (14295 turns).

mhoghedin the Destroyer (Tengu Venom Mage)         Turns: 14295, Time: 00:44:24

Health: -1/64      AC: 10    Str: 10    XL:     11   Next: 57%
Magic:  9/22       EV: 20    Int: 20    God:    Vehumet [***...]
Gold:   696        SH:  0    Dex: 14    Spells: 5/24 levels left

rFire    + . .     SeeInvis +   y - +1 short sword of Ruff {venom, MR+ SInv}
rCold    . . .     Gourm    .   (no shield)
rNeg     + . .     Faith    .   C - +0 robe of Suzuv {rN+ MR+ Str+2}
rPois    .         Spirit   .   A - +2 hat
rElec    .         Reflect  .   u - +0 cloak
rCorr    .         Harm     .   j - +1 pair of gloves
MR       ++...                  (boots unavailable)
Stlth    ++........             v - amulet of rage {+Rage, !d}
HPRegen  0.20/turn              B - ring of protection from fire {rF+, !d}
MPRegen  0.18/turn              i - +3 ring of protection

@: about to teleport, flying quickly and evasively, very slightly contaminated,
quick
A: beak, talons 3, able to fly
a: Stop Flying, Renounce Religion, Evoke Berserk Rage


You were on level 3 of the Lair of Beasts.
You worshipped Vehumet.
Vehumet was most pleased with you.
You were not hungry.

You visited 3 branches of the dungeon, and saw 13 of its levels.
You also visited: Sewer.

You collected 696 gold pieces.

Inventory:

Hand Weapons
 k - a +0 hand axe of electrocution
   (You took it off an orc on level 6 of the Dungeon)
 y - the +1 short sword of Ruff (weapon) {venom, MR+ SInv}
   (You found it on level 6 of the Dungeon)

   It poisons the flesh of those it strikes.
   It affects your resistance to hostile enchantments.
   It lets you see invisible.
Missiles
 J - 2 throwing nets {=f, !d}
Armour
 j - a +1 pair of gloves (worn)
   (You found it on level 1 of the Dungeon)
 u - a +0 cloak (worn)
   (You took it off Crazy Yiuf on level 6 of the Dungeon)
 A - a +2 hat (worn)
   (You acquired it on level 7 of the Dungeon)
 C - the +0 robe of Suzuv (worn) {rN+ MR+ Str+2}
   (You found it on level 8 of the Dungeon)

   It affects your strength (+2).
   It protects you from negative energy.
   It affects your resistance to hostile enchantments.
Magical Staves
 G - an uncursed staff of earth
   (You found it on level 9 of the Dungeon)
Jewellery
 i - a +3 ring of protection (right hand)
   (You found it on level 6 of the Dungeon)
 v - an amulet of rage (around neck) {+Rage, !d}
   (You found it on level 5 of the Dungeon)
 w - an uncursed ring of stealth {Stlth+}
   (You found it on level 5 of the Dungeon)
 B - a ring of protection from fire (left hand) {rF+, !d}
   (You found it on level 8 of the Dungeon)
Wands
 t - a wand of disintegration (21)
   (You found it on level 5 of the Dungeon)
 x - a wand of digging (11)
   (You took it off Crazy Yiuf on level 6 of the Dungeon)
 F - a wand of acid (11)
   (You found it on level 9 of the Dungeon)
 I - a wand of iceblast (7)
   (You found it on level 9 of the Dungeon)
Scrolls
 a - a scroll of enchant weapon
 d - 3 scrolls of teleportation
 n - 11 scrolls of remove curse
 o - 3 scrolls of magic mapping {!r}
 s - 2 scrolls of enchant armour
 z - a scroll of blinking {!r}
 D - a scroll of fog
Potions
 b - 2 potions of agility
 e - a potion of magic {unknown}
 f - 3 potions of might
 g - 3 potions of haste
 h - 2 potions of brilliance
 l - a potion of mutation {unknown}
 m - 5 potions of heal wounds
 p - 4 potions of curing
 q - a potion of berserk rage {unknown}
 r - a potion of lignification {!q}
 H - a potion of resistance {unknown}
Comestibles
 c - 13 rations
 E - 3 chunks of flesh {@w0}


   Skills:
 + Level 6.3 Fighting
 + Level 1.3 Short Blades
 + Level 7.4 Dodging
 + Level 2.5 Stealth
 - Level 7.1 Spellcasting
 - Level 13.5 Conjurations
 - Level 1.7 Fire Magic
 - Level 3.8 Air Magic
 - Level 7.6 Poison Magic


You had 5 spell levels left.
You knew the following spells:

 Your Spells              Type           Power        Failure   Level  Hunger
a - Conjure Flame         Conj/Fire      #####...     1%          3    #......
b - Searing Ray           Conj           ######       1%          2    None
c - Olgreb's Toxic Radia  Pois           #####...     1%          4    ###....
d - Blink                 Tloc           N/A          14%         2    None
e - Venom Bolt            Conj/Pois      #####.....   1%          5    #####..
x - Mephitic Cloud        Conj/Pois/Air  #####...     1%          3    #......

Your spell library contained the following spells:

 Spells                   Type           Power        Failure   Level  Hunger
 Inner Flame              Hex/Fire       ##......     5%          3    #......
 Magic Dart               Conj           ####         1%          1    None
 Sting                    Conj/Pois      ####         1%          1    None
 Poisonous Vapours        Pois/Air       ####..       1%          2    None
 Animate Skeleton         Necr           N/A          10%         1    None
 Pain                     Necr           #...         10%         1    None
 Summon Small Mammal      Summ           #...         10%         1    None
 Call Imp                 Summ           #.......     14%         2    None
 Slow                     Hex            #.......     14%         2    None
 Call Canine Familiar     Summ           #.......     28%         3    #......
 Regeneration             Chrm/Necr      #.........   28%         3    #......
 Summon Guardian Golem    Hex/Summ       #.......     28%         3    #......
 Vampiric Draining        Necr           #.........   28%         3    #......
 Summon Lightning Spire   Summ/Air       ##......     38%         4    ###....
 Animate Dead             Necr           N/A          67%         4    ###....
 Summon Ice Beast         Ice/Summ       #.......     67%         4    ###....


Dungeon Overview and Level Annotations

Branches:
Dungeon (9/15)             Temple (1/1) D:4            Lair (3/6) D:9
  Swamp (0/4) Lair:2
  Snake: Lair:2-4    Spider: Lair:2-4       Orc: D:9-12

Altars:
Ashenzari
Cheibriados
Dithmenos
Hepliaklqana
Nemelex Xobeh
Okawaru
Qazlal
Ru
Sif Muna
Trog
Uskayaw
Vehumet
Wu Jian
Xom
Yredelemnul
Zin
The Shining One
Jiyva

Annotations:
Lair:2 exclusion: hydra


Innate Abilities, Weirdness & Mutations

You have a beak for a mouth.
You have claws for feet.
You can fly continuously.


Message History

The bullfrog hits you but does no damage.
A crocodile comes into view.
You closely miss the bullfrog. The bullfrog closely misses you.
The bullfrog barely misses you.
You hit the bullfrog. Your kick misses the bullfrog.
The bullfrog barely misses you.
You barely miss the bullfrog. Your kick misses the bullfrog.
Your peck misses the bullfrog. The bullfrog misses you. The bullfrog hits you!
You take 7 damage, and have 57/64 hp.
You closely miss the bullfrog. Your peck misses the bullfrog.
The bullfrog completely misses you. The bullfrog hits you.
You take 2 damage, and have 55/64 hp.
You hit the bullfrog.
You kill the bullfrog!
Vehumet accepts your kill. The crocodile barely misses you.
You hit the crocodile.
The crocodile is poisoned.
The crocodile bites you!
You take 17 damage, and have 39/64 hp.
MASSIVE DAMAGE!!
You hit the crocodile but do no damage.
The crocodile looks as sick as possible!
You claw the crocodile. The crocodile closely misses you. x2
You hit the crocodile.
The crocodile looks as sick as possible!
Your kick misses the crocodile. You peck the crocodile.
The crocodile misses you.
You hit the crocodile but do no damage. Your kick misses the crocodile.
The crocodile misses you.
You hit the crocodile.
You kill the crocodile!
Vehumet accepts your kill.
A spiny frog comes into view.
You regained 4 hp, and now have 44/64 hp.
A spiny frog is nearby!
The spiny frog croaks.
The spiny frog barely misses you.
The fire ignites!
The spiny frog closely misses you.
You now have 19/22 mp.
Okay, then.
Unknown command.
Unknown command.
Okay, then.
Unknown command.
You blink.
A black mamba comes into view.
The black mamba hisses angrily.
You now have 18/22 mp.
You miscast Blink.
You are very lightly contaminated with residual magic.
Strange energies run through your body.
The black mamba bites you but does no damage.
You now have 16/22 mp.
You miscast Blink.
The air around you crackles with energy!
The black mamba barely misses you. The black mamba bites you.
You take 3 damage, and have 44/64 hp.
You now have 14/22 mp.
You blink.
Found a stone staircase leading up.
You now have 12/22 mp.
The black mamba barely misses you. The black mamba closely misses you.
The black mamba bites you but does no damage.
The black mamba misses you. The black mamba misses you.
The black mamba bites you!
You take 8 damage, and have 37/64 hp.
You blink.
You now have 12/22 mp.
The black mamba bites you.
You take 3 damage, and have 35/64 hp.
The black mamba barely misses you. The black mamba misses you.
The black mamba barely misses you.
Aim: a black mamba The searing ray hits the black mamba! (Press . to maintain the ray.)
The black mamba bites you! The black mamba closely misses you.
You take 14 damage, and have 22/64 hp.
MASSIVE DAMAGE!!
You now have 11/22 mp.
The searing ray hits the black mamba.
The black mamba completely misses you.
The searing ray hits the black mamba.
The black mamba closely misses you. The black mamba bites you.
* * * LOW HITPOINT WARNING * * *
You take 5 damage, and have 18/64 hp.
You now have 10/22 mp.
The searing ray misses the black mamba.
The searing ray hits the spiny frog!
You finish channeling your searing ray.
The black mamba closely misses you. The black mamba bites you!
* * * LOW HITPOINT WARNING * * *
You are lethally poisoned!
The black mamba poisons you!
You take 11 damage, and have 7/64 hp.
You now have 9/22 mp.
As you read the scroll of teleportation, it crumbles to dust.
You feel strangely unstable.
* * * LOW HITPOINT WARNING * * *
You feel sick. The black mamba misses you.
The black mamba completely misses you.
You take 2 damage, and have 5/64 hp.
Unknown command.
Unknown command.
You feel better. The black mamba barely misses you. The black mamba bites you!
You die...

#.. ##.# ...###..
....##.#
.......###..
............
<......?.#
.........###
...........# ###
♣..........#####@#
♣...#.........#S##
♣...#.......##F##
♣#..............#
.#...........#.##
............#..#
..#........#.###
...............#
♣............###


You could see a black mamba and a spiny frog.

Vanquished Creatures
  A hydra (Lair:2)
  A black mamba (Lair:2)
  4 spiny frogs
  Psyche (D:8)
  A rime drake (Lair:2)
  4 komodo dragons
  A merfolk (D:9)
  2 slime creatures
  2 hippogriffs
  Sigmund (D:2)
  3 yaks (Lair:1)
  A hungry ghost (D:7)
  4 porcupines
  Duvessa (D:4)
  3 water moccasins
  Purgy (Sewer)
  An orc warrior (D:9)
  2 black bears
  3 sky beasts
  An ice beast (D:9)
  6 ogres
  2 centaurs
  5 crocodiles
  A big kobold (D:7)
  Blork the orc (D:5)
  5 bullfrogs
  A wyvern zombie (D:6)
  5 scorpions
  Dowan (D:4)
  2 water moccasin skeletons
  11 crimson imps
  A bullfrog zombie (D:9)
  4 hounds
  Crazy Yiuf (D:6)
  2 bullfrog skeletons
  A jelly (D:5)
  2 orc priests
  6 orc wizards
  4 worker ants
  A hound zombie (D:6)
  A hound skeleton (D:4)
  A howler monkey zombie (D:5)
  3 gnolls (D:2)
  A howler monkey skeleton (D:4)
  11 adders
  A shadow imp (D:8)
  2 white imps
  An adder zombie (D:5)
  2 adder skeletons
  A worm (D:5)
  2 dart slugs (D:1)
  2 leopard geckos
  27 orcs
  2 giant cockroaches
  7 goblins
  10 hobgoblins
  6 jackals
  10 kobolds
  4 quokkas
  5 ball pythons
  6 bats
  13 frilled lizards
  A quokka skeleton (D:8)
  7 rats
226 creatures vanquished.

Vanquished Creatures (others)
  A fungus (Lair:3)
  4 toadstools (D:4)
5 creatures vanquished.

Grand Total: 231 creatures vanquished

Notes
Turn   | Place    | Note
-------+----------+-------------------------------------------
     0 | D:1      | mhoghedin the Tengu Venom Mage began the quest for the Orb.
     0 | D:1      | Reached XP level 1. HP: 10/10 MP: 4/4
   370 | D:1      | Reached skill level 2 in Conjurations
   462 | D:1      | Reached XP level 2. HP: 15/15 MP: 4/6
   484 | D:1      | Learned a level 2 spell: Poisonous Vapours
  1001 | D:1      | Reached skill level 2 in Air Magic
  1001 | D:1      | Reached XP level 3. HP: 15/19 MP: 1/7
  1068 | D:1      | Learned a level 3 spell: Mephitic Cloud
  1264 | D:2      | Reached skill level 4 in Poison Magic
  1264 | D:2      | Reached XP level 4. HP: 15/24 MP: 2/8
  1373 | D:1      | Reached skill level 3 in Air Magic
  1503 | D:2      | Gained mutation: You can fly continuously. [Tengu growth]
  1503 | D:2      | Reached XP level 5. HP: 28/28 MP: 6/9
  1634 | D:2      | Found a sacrificial altar of Ru.
  2287 | D:2      | Found a faded altar of an unknown god.
  2687 | D:2      | Noticed Sigmund
  2716 | D:2      | Killed Sigmund
  2716 | D:2      | Reached skill level 4 in Spellcasting
  2716 | D:2      | Reached XP level 6. HP: 25/32 MP: 1/13
  2875 | D:2      | Learned a level 4 spell: Olgreb's Toxic Radiance
  3081 | D:3      | Found a sparkling altar of Nemelex Xobeh.
  3341 | D:3      | Found a glowing drain.
  3354 | Sewer    | Entered a sewer
  3458 | Sewer    | Noticed Purgy
  3522 | Sewer    | Killed Purgy
  3522 | Sewer    | Reached skill level 5 in Spellcasting
  3522 | Sewer    | Reached XP level 7. HP: 22/36 MP: 7/15
  3526 | Sewer    | Learned a level 2 spell: Blink
  4153 | D:4      | Noticed Dowan
  4155 | D:4      | Noticed Duvessa
  4177 | D:4      | Killed Dowan
  4181 | D:4      | Killed Duvessa
  4181 | D:4      | Reached skill level 6 in Spellcasting
  4305 | D:4      | Found a shadowy altar of Dithmenos.
  4349 | D:4      | Reached skill level 3 in Conjurations
  4356 | D:4      | Learned a level 5 spell: Venom Bolt
  4591 | D:4      | Found a staircase to the Ecumenical Temple.
  4600 | Temple   | Entered the Ecumenical Temple
  4606 | Temple   | Became a worshipper of Vehumet
  4943 | D:5      | Entered Level 5 of the Dungeon
  4951 | D:5      | Found an iron altar of Okawaru.
  4951 | D:5      | Found a glowing silver altar of Zin.
  4956 | D:5      | Found a stormy altar of Qazlal.
  4956 | D:5      | Found a glowing golden altar of the Shining One.
  4998 | D:5      | Found a sacrificial altar of Ru.
  5106 | D:5      | Reached skill level 4 in Conjurations
  5106 | D:5      | Reached skill level 5 in Poison Magic
  5106 | D:5      | Reached XP level 8. HP: 41/41 MP: 11/18
  5286 | D:5      | Reached skill level 5 in Conjurations
  5401 | D:5      | HP: 10/41 [ogre/+0 giant club (31)]
  6349 | D:6      | Noticed Blork the orc
  6369 | D:5      | Killed Blork the orc
  6369 | D:5      | Reached skill level 1 in Fighting
  6640 | D:6      | Reached skill level 3 in Dodging
  6861 | D:5      | Learned a level 3 spell: Conjure Flame
  6884 | D:6      | Reached skill level 6 in Conjurations
  6884 | D:6      | Reached skill level 1 in Fire Magic
  7009 | D:6      | Found a bloodstained altar of Trog.
  7045 | D:6      | Reached skill level 7 in Conjurations
  7061 | D:6      | Reached * piety under Vehumet
  7061 | D:6      | Offered knowledge of Sandblast by Vehumet.
  7245 | D:6      | Found a runed translucent door.
  7246 | D:6      | Noticed Crazy Yiuf
  7288 | D:6      | Killed Crazy Yiuf
  7422 | D:6      | Reached skill level 8 in Conjurations
  7422 | D:6      | Reached XP level 9. HP: 47/47 MP: 13/19
  7576 | D:6      | Got an ancient short sword
  7577 | D:6      | Identified the +1 short sword of Ruff {venom, MR+ SInv}
                  | (You found it on level 6 of the Dungeon)
  8011 | D:7      | Reached skill level 9 in Conjurations
  8119 | D:7      | Found a hazy altar of Hepliaklqana.
  8340 | D:7      | Found a hide-covered altar of Uskayaw.
  9007 | D:7      | Reached skill level 10 in Conjurations
  9218 | D:7      | Identified a scroll of acquirement
  9306 | D:8      | Reached skill level 11 in Conjurations
  9531 | D:8      | Reached ** piety under Vehumet
  9531 | D:8      | Offered knowledge of Searing Ray by Vehumet.
  9554 | D:8      | Learned a level 2 spell: Searing Ray
  9582 | D:8      | Got a thick robe
  9602 | D:8      | Identified the +0 robe of Suzuv {rN+ MR+ Str+2} (You found
                  | it on level 8 of the Dungeon)
  9615 | D:8      | Noticed Psyche
  9623 | D:8      | Killed Psyche
  9623 | D:8      | Reached skill level 12 in Conjurations
  9838 | D:8      | Reached skill level 2 in Fighting
  9838 | D:8      | Reached XP level 10. HP: 53/53 MP: 5/20
 10159 | D:9      | Offered knowledge of Inner Flame by Vehumet.
 10159 | D:9      | Reached skill level 4 in Dodging
 10159 | D:9      | Reached skill level 3 in Fighting
 10218 | D:9      | Found a shimmering altar of Xom.
 10493 | D:9      | Found a hazy altar of Hepliaklqana.
 10922 | D:9      | Reached skill level 7 in Spellcasting
 10967 | D:9      | Reached *** piety under Vehumet
 10967 | D:9      | Reached skill level 4 in Fighting
 10967 | D:9      | Reached skill level 5 in Dodging
 10968 | D:9      | HP: 13/56 [slime creature (9)]
 11264 | D:9      | Found a staircase to the Lair.
 11326 | Lair:1   | Entered Level 1 of the Lair of Beasts
 11430 | Lair:1   | Reached skill level 5 in Fighting
 11430 | Lair:1   | Reached skill level 6 in Dodging
 11642 | Lair:1   | Noticed a spiny frog
 12164 | Lair:1   | Reached skill level 6 in Fighting
 12164 | Lair:1   | Reached skill level 7 in Dodging
 12164 | Lair:1   | Reached XP level 11. HP: 20/64 MP: 8/22
 12225 | Lair:1   | HP: 4/64 [spiny frog (14)]
 12637 | Lair:1   | Reached skill level 6 in Poison Magic
 13033 | Lair:2   | Noticed a five-headed hydra
 13094 | Lair:2   | Reached skill level 13 in Conjurations
 13186 | Lair:2   | Reached skill level 7 in Poison Magic
 13629 | Lair:2   | Found a staircase to the Swamp.
 13629 | Lair:2   | Noticed a four-headed hydra
 13637 | Lair:2   | Killed a four-headed hydra
 14052 | Lair:3   | Reached skill level 1 in Short Blades
 14293 | Lair:3   | HP: 7/64 [black mamba (11)]
 14295 | Lair:3   | Slain by a black mamba

Levels and vault maps discovered:
D:1:      minmay_arrival_plants_in_alcoves, layout_basic, minivault_25,
          minmay_hexomino_c4
D:2:      layout_loops_cross, chequers_ecumenical_altar_island,
          nicolae_ru_great_annihilating_truth, uniq_sigmund
D:3:      layout_loops_ring, lemuel_doored_altar, portal_sewer_entry_b,
          first_ration, st_stairs_12, serial_park_tiny_pond
D:4:      layout_loops_ring, nicolae_dithmenos_shadow_blocks,
          minmay_temple_entry_poolview, kennysheep_small_spiral,
          minmay_gold_behind_fungi, uniq_duvessa
D:5:      layout_cave_pods, chequers_temple_overflow_statue_of_worship,
          lemuel_coloured_pillars_altar
D:6:      layout_loops_corners, lemuel_round_altar, small_statue_intersection,
          uniq_blork_the_orc, uniq_crazy_yiuf_cottage
D:7:      layout_basic, lemuel_crystal_altar, old_standard_altar, minivault_11
D:8:      layout_basic, serial_bayou_pond_a, minmay_nine_imps, uniq_psyche
D:9:      layout_roguey, lemuel_crystal_altar, lair_entry_dummy, basic_altar,
          hangedman_fish_farm
Temple:   pf_slimified_temple
Lair:1:   layout_regular_city, grunt_forest_stairs_basic
Lair:2:   layout_regular_city, swamp_mist, grunt_forest_large_clearing_hut
Lair:3:   dpeg_oklob_gauntlet, layout_cave_shapes, special_room
          [special_room_bee], bh_autumn_forest_stairs, pond

Skill      XL: |  1  2  3  4  5  6  7  8  9 10 11 |
---------------+----------------------------------+-----
Conjurations   | 2 4 8 12 13 | 13.5
Air Magic      | 2 3 |  3.8
Poison Magic   | 4 5 7 |  7.6
Spellcasting   | 4 5 6 7 |  7.1
Fighting       | 1 2 6 |  6.3
Dodging        | 3 7 |  7.4
Fire Magic     | 1 |  1.7
Short Blades   | 1 |  1.3
Stealth        | |  2.5

Action                   |  1- 3 |  4- 6 |  7- 9 | 10-12 || total
-------------------------+-------+-------+-------+-------++-------
Melee: Club              |     5 |    19 |       |       ||    24
       Kick              |     1 |    16 |    70 |    19 ||   106
       Dagger            |       |    72 |   133 |       ||   205
       Peck              |       |    10 |    43 |    11 ||    64
       Hand axe          |       |       |    22 |       ||    22
       Short sword       |       |       |   194 |    93 ||   287
 Cast: Sting             |    27 |     3 |    11 |       ||    41
       Poisonous Vapours |     6 |    40 |    20 |       ||    66
       Olgreb's Toxic Ra |       |     1 |    12 |     6 ||    19
       Mephitic Cloud    |       |     1 |     1 |       ||     2
       Conjure Flame     |       |       |     7 |    15 ||    22
       Venom Bolt        |       |       |    12 |    46 ||    58
       Searing Ray       |       |       |       |    14 ||    14
       Blink             |       |       |       |     3 ||     3
 Abil: Fly               |       |     1 |       |       ||     1
Evoke: Wand              |       |       |     6 |       ||     6
  Use: Scroll            |     3 |     8 |    15 |     4 ||    30
       Potion            |       |     2 |       |     2 ||     4
 Stab: Paralysed         |       |     2 |       |       ||     2
       Sleeping          |       |     4 |    10 |     1 ||    15
       Distracted        |       |     1 |       |       ||     1
  Eat: Ration            |     1 |     2 |     5 |     5 ||    13
       Chunk             |       |     4 |     5 |    11 ||    20
Armor: Robe              |     2 |    17 |   107 |    32 ||   158
Dodge: Dodged            |    21 |   119 |   304 |   126 ||   570

Table legend:
 A = Non-vault XP
 B = Vault XP
 C = Vault XP percentage of total XP
 D = Non-vault monster count
 E = Vault monster count
 F = Vault count percentage of total count
                 A         B        C        D         E       F
            +---------+---------+-------+---------+---------+-------
      Total |   12675 |    1840 |  12.7 |     188 |      38 |  16.8
            +---------+---------+-------+---------+---------+-------
        D:1 |     114 |       9 |   7.3 |      13 |       6 |  31.6
        D:2 |     140 |     263 |  65.3 |      27 |       5 |  15.6
        D:3 |      86 |       5 |   5.5 |      18 |       3 |  14.3
        D:4 |     164 |     211 |  56.3 |       8 |       2 |  20.0
        D:5 |     549 |      94 |  14.6 |      19 |       1 |   5.0
        D:6 |     751 |      42 |   5.3 |      19 |       1 |   5.0
        D:7 |     918 |     110 |  10.7 |      15 |       3 |  16.7
        D:8 |     835 |     657 |  44.0 |      16 |       7 |  30.4
        D:9 |    1483 |     305 |  17.1 |      24 |       1 |   4.0
     Lair:1 |    2917 |       0 |   0.0 |      12 |       0 |   0.0
     Lair:2 |    3640 |       0 |   0.0 |      10 |       0 |   0.0
     Lair:3 |    1078 |       0 |   0.0 |       7 |       0 |   0.0
      Sewer |       0 |     144 | 100.0 |       0 |       9 | 100.0
            +---------+---------+-------+---------+---------+-------

Levels and vault maps discovered:
D:1:      minmay_arrival_plants_in_alcoves, layout_basic, minivault_25,
          minmay_hexomino_c4
D:2:      layout_loops_cross, chequers_ecumenical_altar_island,
          nicolae_ru_great_annihilating_truth, uniq_sigmund
D:3:      layout_loops_ring, lemuel_doored_altar, portal_sewer_entry_b,
          first_ration, st_stairs_12, serial_park_tiny_pond
D:4:      layout_loops_ring, nicolae_dithmenos_shadow_blocks,
          minmay_temple_entry_poolview, kennysheep_small_spiral,
          minmay_gold_behind_fungi, uniq_duvessa
D:5:      layout_cave_pods, chequers_temple_overflow_statue_of_worship,
          lemuel_coloured_pillars_altar
D:6:      layout_loops_corners, lemuel_round_altar, small_statue_intersection,
          uniq_blork_the_orc, uniq_crazy_yiuf_cottage
D:7:      layout_basic, lemuel_crystal_altar, old_standard_altar, minivault_11
D:8:      layout_basic, serial_bayou_pond_a, minmay_nine_imps, uniq_psyche
D:9:      layout_roguey, lemuel_crystal_altar, lair_entry_dummy, basic_altar,
          hangedman_fish_farm
Temple:   pf_slimified_temple
Lair:1:   layout_regular_city, grunt_forest_stairs_basic
Lair:2:   layout_regular_city, swamp_mist, grunt_forest_large_clearing_hut
Lair:3:   dpeg_oklob_gauntlet, layout_cave_shapes, special_room
          [special_room_bee], bh_autumn_forest_stairs, pond

Table legend:
 A = Turns spent in this place as a percentage of turns spent in the entire game.
 B = Non-inter-level travel turns spent in this place as a percentage of non-inter-level travel turns spent in the entire game.
 C = Inter-level travel turns spent in this place as a percentage of turns spent in this place.
 D = Turns resting spent in this place as a percentage of non-inter-level travel turns spent in this place.
 E = Turns spent auto-exploring this place as a percentage of non-inter-level travel turns spent in this place.
 F = Non-inter-level travel turns spent in this place divided by the number of levels of this place that you've seen.
                   A       B       C       D       E      F
               +-------+-------+-------+-------+-------+----------------------
         Total | 100.0 | 100.0 |   2.4 |  33.4 |  48.8 | 996.7
       Dungeon |  76.4 |  76.1 |   2.8 |  31.3 |  50.4 | 1180.3
        Temple |   0.2 |   0.3 |   0.0 |   0.0 |  28.6 |  35.0
          Lair |  20.8 |  21.0 |   1.2 |  42.1 |  43.8 | 977.7
         Sewer |   2.5 |   2.6 |   0.0 |  30.9 |  44.4 | 363.0
               +-------+-------+-------+-------+-------+----------------------

Table legend:
 A = Kills in this place as a percentage of kills in entire the game.
 B = Kills by you in this place as a percentage of kills by you in the entire game.
 C = Kills by friends in this place as a percentage of kills by friends in the entire game.
 D = Other kills in this place as a percentage of other kills in the entire game.
 E = Experience gained in this place as a percentage of experience gained in the entire game.
 F = Experience gained in this place divided by the number of levels of this place that you have seen.
                   A       B       C       D       E      F
               +-------+-------+-------+-------+-------+----------------------
         Total | 100.0 | 100.0 |   N/A |   N/A | 100.0 | 1036.8
       Dungeon |  83.2 |  83.2 |   N/A |   N/A |  46.4 | 748.4
          Lair |  12.8 |  12.8 |   N/A |   N/A |  52.6 | 2545.0
         Sewer |   4.0 |   4.0 |   N/A |   N/A |   1.0 | 144.0
               +-------+-------+-------+-------+-------+----------------------
